 Dungeon Crawl Stone Soup version 0.28-a0-895-g6e5f11bd55 (webtiles) character file.

Game seed: 4405490087020146442

20 ytrimaz the Skirmisher (level 2, 24/24 HPs)
             Began as a Demonspawn Fighter on Nov 22, 2021.
             Quit the game on level 1 of the Dungeon.
             The game lasted 00:00:55 (761 turns).

ytrimaz the Skirmisher (Demonspawn Fighter)          Turns: 761, Time: 00:00:55

Health: 24/24      AC:  6    Str: 16    XL:     2   Next: 58%
Magic:  2/2        EV:  9    Int:  9    God:
Gold:   33         SH:  4    Dex: 12    Spells: 1/1 levels left

rFire   . . .      SeeInvis .     - Unarmed
rCold   . . .      Faith    .   b - +0 buckler
rNeg    . . .      Spirit   .   a - +0 scale mail
rPois   .          Reflect  .   (no helmet)
rElec   .          Harm     .   (no cloak)
rCorr   .          Rampage  .   (no gloves)
Will    .....                   (no boots)
Stlth   ..........              (no amulet)
HPRegen 0.08/turn               (no ring)
MPRegen 0.08/turn               (no ring)

@: no status effects
A: hooves 1
a: no special abilities


You were on level 1 of the Dungeon.
You visited 1 branch of the dungeon, and saw 1 of its levels.

You collected 33 gold pieces.

Inventory:

Armour
 a - a +0 scale mail (worn)
 b - a +0 buckler (worn)
Jewellery
 h - a ring of fire
Scrolls
 g - a scroll of vulnerability
Potions
 c - a potion of might
 e - a potion of cancellation {unknown}
 f - a potion of haste {unknown}


   Skills:
 + Level 3.2 Fighting
 + Level 3.0 Armour
 + Level 2.9 Shields
 + Level 2.0 Unarmed Combat


You had one spell level left.
You didn't know any spells.
Your spell library was empty.

Dungeon Overview and Level Annotations

Branches:
Dungeon (1/15)

Altars:


Innate Abilities, Weirdness & Mutations

You have large cloven feet.


Message History

You are frozen.
You hit the endoplasm but do no damage.
The endoplasm is heavily wounded.
The endoplasm barely misses you.
You barely miss the endoplasm. You kick the endoplasm.
You kill the endoplasm!
There is a faded altar of an unknown god here.
Key pressed, stopping explore.
You see here a ball python skeleton.
You see here a ball python skeleton.
h - a ring of fire An endoplasm comes into view.
The endoplasm quivers.
An endoplasm is nearby!
An endoplasm is nearby!
A rat comes into view.
The endoplasm jiggles.
The endoplasm hits you but does no damage.
You hit the endoplasm.
The endoplasm is lightly wounded.
The endoplasm closely misses you.
You hit the endoplasm. You kick the endoplasm.
You kill the endoplasm!
The rat bites you but does no damage.
You closely miss the rat. You kick the rat.
You kill the rat!
Partly explored, can't reach some places.
Partly explored, can't reach some places.
Partly explored, can't reach some places.
Partly explored, can't reach some places.
Why would you want to do that?
As you read the scroll labelled VYL CUESSAYCE, it crumbles to dust.
It is a scroll of identify.
g - a scroll of vulnerability
Okay, then.
Are you sure you want to abandon this character and quit the game? (Confirm with "yes".)
Okay, then.
Unknown command.
Unknown command.
Are you sure you want to abandon this character and quit the game? (Confirm with "yes".)

#......§≈§§≈§≈≈≈#
#.....≈≈≈≈≈§≈§≈≈#
#....§§≈≈§≈≈≈§§§#
###....§≈≈≈≈≈≈§§§≈#
#.......§§§§§§§§§§#
###....##.§§§§§≈§≈≈≈#
#####......<#.§§≈≈§≈≈§≈≈#
......#.........≈≈≈.≈≈.≈#
#######.........@..§≈§§≈#
######................≈#
##......#################
.....#### .....# .....#
.....# .....####
........#


There were no monsters in sight!

Vanquished Creatures
  A ball python (D:1)
  2 endoplasms (D:1)
  4 goblins (D:1)
  2 hobgoblins (D:1)
  A quokka (D:1)
  2 bats (D:1)
  A frilled lizard (D:1)
  A kobold (D:1)
  5 rats (D:1)
19 creatures vanquished.

Vanquished Creatures (others)
  3 fungi (D:1)
  A plant (D:1)
  A withered plant (D:1)
5 creatures vanquished.

Grand Total: 24 creatures vanquished

Notes
Turn   | Place    | Note
-------+----------+-------------------------------------------
     0 | D:1      | ytrimaz the Demonspawn Fighter began the quest for the Orb.
     0 | D:1      | Reached XP level 1. HP: 18/18 MP: 1/1
   108 | D:1      | Found a faded altar of an unknown god.
   352 | D:1      | Gained mutation: You have large cloven feet. [demonic
                  | ancestry]
   352 | D:1      | Reached XP level 2. HP: 24/24 MP: 2/2
   761 | D:1      | Quit the game

Illustrated notes

Levels and vault maps discovered:
D:1:      dpeg_arrival_lava_altar, layout_rooms, shapermc_ecumenical_altar_gd

Skill      XL: |  1  2 |
---------------+-------+-----
Armour         | 3 |  3.0
Unarmed Combat | 2 |  2.0
Fighting       | |  3.2
Shields        | |  2.9

Action                   || total
-------------------------++-------
Melee: Unarmed           ||    73
       Kick              ||     9
  Use: Scroll            ||     1
Armor: Scale mail        ||    25
Dodge: Dodged            ||    30
Block: Buckler           ||     7

Table legend: (Time is in decaauts)
 A = Elapsed time spent in this place.
 B = Non-inter-level travel time spent in this place.
 C = Inter-level travel time spent in this place.
 D = Time resting spent in this place.
 E = Time spent auto-exploring this place.
 F = Levels seen in this place.
 G = Mean time per level.
                   A        B        C        D        E       F      G
               +--------+--------+--------+--------+--------+-----+--------+
         Total |    760 |    760 |      0 |      0 |    599 |   1 |  760.0 |
       Dungeon |    760 |    760 |      0 |      0 |    599 |   1 |  760.0 |
               +--------+--------+--------+--------+--------+-----+--------+

Top non-repeatable levels by time:
     D:1: 760 daAuts
